 Dungeon Crawl Stone Soup version 0.32-a0-128-g77eb882913 (webtiles) character file.

Game seed: 18217167928562868463

62 Ge0ff the Poker (level 3, -5/27 HPs)
             Began as a Mummy Reaver on Feb 8, 2024.
             Killed from afar by Ijyb (16 damage)
             ... with a puff of flame
             ... on level 3 of the Dungeon.
             The game lasted 00:02:13 (1621 turns).

Ge0ff the Poker (Mummy Reaver)                      Turns: 1621, Time: 00:02:14

Health: -5/27      AC:  7    Str: 17    XL:     3   Next: 85%
Magic:  7/7        EV: 10    Int: 12    God:
Gold:   74         SH:  0    Dex: 10    Spells: 6/7 levels left

rFire   x . .        a - +1 spear (freeze)
rCold   + . .        (no shield)
rNeg    + + +        h - +0 ring mail
rPois   ∞            W - +0 helmet
rElec   .            g - +0 cloak
rCorr   .            (no gloves)
SInv    .            (no boots)
Will    .....        (no amulet) Stlth
                     l - ring of wizardry
HPRegen 0.24/turn    (no ring)
MPRegen 0.10/turn

%: faith, wizardry (x1)
@: no status effects
A: cold resistance 1, negative energy resistance 3, torment resistance 2, heat
vulnerability 1, in touch with death 1, no potions, faith
a: no special abilities


You were on level 3 of the Dungeon.
You visited 1 branch of the dungeon, and saw 3 of its levels.

You collected 74 gold pieces.

Inventory:

Hand Weapons
 a - a +1 spear of freezing (weapon)
 k - a +0 morningstar
 X - a +0 spear
Missiles
 e - 20 stones (quivered)
 f - 6 poisoned darts
Armour
 g - a +0 cloak (worn)
 h - a +0 ring mail (worn)
 W - a +0 helmet (worn)
Jewellery
 l - a ring of wizardry (left hand)
Scrolls
 i - a scroll of identify {unknown}
 j - a scroll of fear {unknown}
 m - a scroll of noise {unknown}
 n - a scroll of blinking {unknown}
 V - a scroll of vulnerability
 Y - a scroll of torment {unknown}


   Skills:
 - Level 2.0 Fighting
 + Level 4.0 Polearms
 - Level 1.5 Dodging
 - Level 2.6 Spellcasting
 - Level 2.4 Conjurations


You had 6 spell levels left.
You knew the following spells:

 Your Spells              Type           Power      Damage    Failure   Level
E - Kiss of Death         Conj/Necr      24%        2d7       12%         1

Your spell library contained the following spells:

 Spells                   Type           Power      Damage    Failure   Level
 Momentum Strike          Conj/Tloc      8%         3d8       17%         2
 Lesser Beckoning         Tloc           2%         N/A       26%         2
 Hailstorm                Conj/Ice       4%         3d5       32%         3
 Gell's Gravitas          Tloc           1%         N/A       45%         3
 Teleport Other           Tloc           1%         N/A       45%         3


Dungeon Overview and Level Annotations

Branches:
Dungeon (3/15) Zot: 16385

Altars:

Annotations:
D:3 Ijyb


Innate Abilities, Weirdness & Mutations

You are immune to poison.
Your flesh is cold resistant. (rC+)
You are immune to negative energy. (rN+++)
You are immune to unholy pain and torment.
You are vulnerable to heat. (rF-)
You are in touch with the powers of death.
You do not drink.
You have a special connection with the divine. (Faith)


Message History

You barely miss the adder.
The adder is heavily wounded.
The adder barely misses you. The adder bites you but does no damage.
You closely miss the adder.
The adder is heavily wounded.
The adder bites you.
You barely miss the adder.
The adder is heavily wounded.
The adder barely misses you.
You closely miss the adder.
The adder is heavily wounded.
The adder bites you but does no damage.
You hit the adder. You freeze the adder.
You kill the adder!
Your Polearms skill increases to level 4!
HP restored.
Done exploring.
There is a stone staircase leading down here.
You climb downwards.
Level annotation: Ijyb Ijyb zaps a wand.
The puff of flame hits you. The fire burns you terribly!
There is a stone staircase leading up here.
Ijyb zaps a wand.
The puff of flame misses you.
You reach to attack!
You hit Ijyb. You freeze Ijyb.
Ijyb is moderately wounded.
Ijyb zaps a wand.
The puff of flame hits you! The fire burns you terribly!
You are too injured to fight recklessly!
You are too injured to fight recklessly!
There is a stone staircase leading up here.
Ijyb zaps a wand.
The puff of flame hits you. The fire burns you terribly!
* * * LOW HITPOINT WARNING * * *
You climb upwards.
There is a stone staircase leading down here.
HP restored.
Done exploring.
You climb downwards.
Level annotation: Ijyb Ijyb zaps a wand.
The puff of flame hits you! The fire burns you terribly!
Ouch! That really hurt!
There is a stone staircase leading up here.
Ijyb zaps a wand.
The puff of flame hits you! The fire burns you terribly!
Ouch! That really hurt!
You die...
Ijyb screams, "Time for next experiment!"

## #.##
###
...# ..
... ..
#g. .#
#..##.#
#.....#
#.....#
#..@..#
#..#..#
#..
.....
##.
.#####
.. ..
## ##


You could see Ijyb.

Vanquished Creatures
  Robin (D:2)
  2 adders (D:2)
  2 dart slugs (D:2)
  A bat (D:2)
  3 endoplasms
  A giant cockroach (D:1)
  7 goblins
  4 hobgoblins
  2 quokkas
  A kobold (D:1)
  A rat (D:1)
25 creatures vanquished.

Vanquished Creatures (collateral kills)
  A goblin (D:2)
1 creature vanquished.

Grand Total: 26 creatures vanquished

Notes
Turn   | Place    | Note
-------+----------+-------------------------------------------
     0 | D:1      | Ge0ff the Mummy Reaver began the quest for the Orb.
     0 | D:1      | Reached XP level 1. HP: 16/16 MP: 4/4
   161 | D:1      | Found a faded altar of an unknown god.
   489 | D:1      | Reached XP level 2. HP: 22/22 MP: 5/5
   504 | D:1      | Reached skill level 3 in Polearms
  1125 | D:2      | Noticed Robin
  1163 | D:2      | Killed Robin
  1164 | D:2      | Reached XP level 3. HP: 20/27 MP: 7/7
  1446 | D:3      | Noticed Ijyb
  1460 | D:2      | Reached skill level 4 in Polearms
  1621 | D:3      | Killed from afar by Ijyb

Illustrated notes

Levels and vault maps discovered:
D:1:      evilmike_arrival_rings, layout_basic, basic_ecumenical_altar
D:2:      layout_loops_ring, nrook_mini_vaults, uniq_robin
D:3:      layout_basic, uniq_terence, uniq_ijyb, uniq_grinder

Skill      XL: |  1  2  3 |
---------------+----------+-----
Polearms       | 3 4 |  4.0
Fighting       | |  2.0
Dodging        | |  1.5
Spellcasting   | |  2.6
Conjurations   | |  2.4

Action                     || total
---------------------------++-------
  Melee: Spear             ||   114
         Punch             ||     2
    Use: Scroll            ||     2
 Armour: Leather armour    ||     5
         Ring mail         ||    41
  Dodge: Dodged            ||    34

Table legend: (Time is in decaauts)
 A = Elapsed time spent in this place.
 B = Non-inter-level travel time spent in this place.
 C = Inter-level travel time spent in this place.
 D = Time resting spent in this place.
 E = Time spent auto-exploring this place.
 F = Levels seen in this place.
 G = Mean time per level.
                   A        B        C        D        E       F      G
               +--------+--------+--------+--------+--------+-----+--------+
         Total |   1613 |   1541 |     72 |      0 |   1234 |   3 |  537.7 |
       Dungeon |   1613 |   1541 |     72 |      0 |   1234 |   3 |  537.7 |
               +--------+--------+--------+--------+--------+-----+--------+

Top non-repeatable levels by time:
     D:2: 838 daAuts
     D:1: 762 daAuts
     D:3: 12 daAuts
